AoeStats
← Licrovan

Glade

510836699Analyzed
1v1 RM · 21h ago on Oct 2, 2026· 21m 43s· 2 players
Game mode
Random Map
Map size
Tiny (2 player)
Population
200
Speed
Normal
Resources
Standard
Victory
Conquest
Starting age
Dark Age
Ending age
Imperial Age
RankedLock teamsTeams togetherTeam positionsShared explorationLock speedFull tech treeHidden civsTurbo modeCheats
Victory
Defeat
🇺🇸 Cumans · United States
833
+18
🇳🇱 Franks · Netherlands
866
-49
Monster_Duck
7:06 Loom
9:28 Feudal Age
12:33 Double-Bit Axe
13:01 Horse Collar
16:21 Fletching
Licrovan
5:21 Loom
10:11 Feudal Age
11:25 Double-Bit Axe
20:52 Scale Barding Armor
Connection lost

Rejoining the realm…

Still unreachable

The connection could not be restored.

Session expired

The server has moved on; the page needs a fresh start.